 Dungeon Crawl Stone Soup version 0.31-a0-1074-g0b22e4e0f1 (webtiles) character file.

Game seed: 5315893113604800240

29842 kae the Slicer (level 13, -4/98 HPs)
             Began as a Demonspawn Enchanter on Nov 26, 2023.
             Was an Elder of Dithmenos.
             Slain by an elephant (11 damage)
             ... on level 5 of the Lair of Beasts.
             The game lasted 00:22:24 (18012 turns).

kae the Slicer (Demonspawn Enchanter)              Turns: 18012, Time: 00:22:25

Health: -4/98      AC: 10    Str: 13    XL:     13   Next: 17%
Magic:  18/23      EV: 20    Int: 21    God:    Dithmenos [****..]
Gold:   1003       SH:  0    Dex: 17    Spells: 15/26 levels left

rFire   + . .        k - +5 dagger (speed)
rCold   . . .        (no shield)
rNeg    . . .        T - +0 leather armour of Pulitt {Str+2 Int+3}
rPois   .            (helmet restricted)
rElec   .            f - +2 cloak
rCorr   +            (no gloves)
SInv    .            (no boots)
Will    .....        C - amulet of reflection
Stlth   ++           F - ring of protection from fire
HPRegen 0.36/turn    R - ring of resist corrosion
MPRegen 0.36/turn

%: reflection
@: confused, agile, ambrosia-drunk, wreathed by umbra
A: horns 1, molten scales 2, powered by pain 3, magic regeneration, agile 1
a: Renounce Religion, Shadow Step


You were on level 5 of the Lair of Beasts.
You worshipped Dithmenos.
Dithmenos was greatly pleased with you.
You visited 3 branches of the dungeon, and saw 17 of its levels.
You also visited: Sewer and Ossuary.

You collected 1003 gold pieces.


Innate Abilities, Weirdness & Mutations

You have a pair of small horns on your head.
You are mostly covered in molten scales. (AC +3)
You are powered by pain.
You regenerate magic rapidly.
You are agile. (Dex +4, Str/Int -1)


   Skills:
 + Level 7.9 Fighting
 - Level 12.0 Short Blades
 - Level 6.0 Armour
 - Level 7.0 Dodging
 * Level 5.6 Stealth
 - Level 7.0 Spellcasting
 + Level 8.2 Hexes
 - Level 2.0 Ice Magic
 + Level 9.3 Invocations


You had 15 spell levels left.
You knew the following spells:

 Your Spells              Type           Power      Damage    Failure   Level
a - Ensorcelled Hibernat  Hex/Ice        58%        N/A       1%          2
b - Confusing Touch       Hex            42%        N/A       1%          3
c - Tukima's Dance        Hex            42%        N/A       1%          3
d - Dazzling Flash        Conj/Hex       48%        N/A       6%          3

Your spell library contained the following spells:

 Spells                   Type           Power      Damage    Failure   Level
 Summon Guardian Golem    Hex/Summ       24%        N/A       6%          3
 Summon Small Mammal      Summ           28%        N/A       11%         1
 Blink                    Tloc           14%        N/A       16%         2
 Sublimation of Blood     Necr           7%         N/A       16%         2
 Dimensional Bullseye     Hex/Tloc       12%        N/A       21%         4
 Fulminant Prism          Conj/Hex       12%        3d9       21%         4
 Call Canine Familiar     Summ           7%         N/A       32%         3
 Volatile Blastmotes      Fire/Tloc      14%        2d11      32%         3
 Iskenderun's Mystic Bla  Conj/Tloc      7%         2d4       71%         4
 Manifold Assault         Tloc           7%         N/A       71%         4
 Petrify                  Tmut/Erth      7%         N/A       71%         4
 Irradiate                Conj/Tmut      3%         3d12      96%         5

Inventory:

Hand Weapons
 a - a +2 dagger of freezing
 k - a +5 dagger of speed (weapon)
   (You took it off an orc wizard on level 3 of the Dungeon)
 s - the +6 arbalest "Damnation" {damnation}
   (You found it in an ossuary)
Missiles
 e - 135 stones
 n - 11 boomerangs
 w - 10 javelins
 J - 12 poisoned darts
 N - a throwing net {=f!f}
Armour
 b - a +0 robe
 f - a +2 cloak (worn)
   (You found it on level 4 of the Dungeon)
 m - a +1 helmet
   (You found it on level 3 of the Dungeon)
 T - the +0 leather armour of Pulitt (worn) {Str+2 Int+3}
   (You found it on level 1 of the Lair of Beasts)

   Str+2:     It affects your strength (+2).
   Int+3:     It affects your intelligence (+3).
Magical Staves
 j - a staff of death {!a}
   (You took it off a goblin on level 3 of the Dungeon)
 t - a staff of conjuration {!a}
   (You found it on level 6 of the Dungeon)
Jewellery
 C - an amulet of reflection (around neck)
   (You found it on level 9 of the Dungeon)
 F - a ring of protection from fire (left hand)
   (You found it on level 9 of the Dungeon)
 O - a +4 ring of protection
   (You found it on level 3 of the Lair of Beasts)
 R - a ring of resist corrosion (right hand)
   (You found it on level 1 of the Lair of Beasts)
Wands
 l - a wand of charming (15)
   (You found it on level 5 of the Dungeon)
 E - a wand of digging (10)
   (You found it on level 9 of the Dungeon)
 I - a wand of polymorph (4)
   (You found it on level 10 of the Dungeon)
 K - a wand of flame (13)
   (You took it off a kobold brigand on level 10 of the Dungeon)
 Q - a wand of quicksilver (5)
   (You found it on level 2 of the Lair of Beasts)
Scrolls
 o - 7 scrolls of teleportation {@r4}
 x - 2 scrolls of butterflies
 y - a scroll of torment {!r}
 A - 2 scrolls of revelation
 D - 2 scrolls of fear
 G - 2 scrolls of vulnerability {!r!r}
 H - 2 scrolls of poison {!r}
 S - a scroll of enchant armour
 U - a scroll of fog
 W - a scroll of immolation {!r!r}
Potions
 c - 3 potions of invisibility
 d - 14 potions of curing {@q1}
 g - 3 potions of ambrosia
 h - a potion of might
 i - 2 potions of heal wounds {@q2}
 p - 3 potions of mutation {!q}
 q - 7 potions of lignification {!q}
 r - 2 potions of haste {@q3}
 u - 9 potions of degeneration {!q}
 v - 4 potions of enlightenment
 z - 2 potions of magic
 L - a potion of attraction {!q}
 M - 2 potions of brilliance
 P - a potion of berserk rage {unknown}

Dungeon Overview and Level Annotations

Branches:
Dungeon (11/15) Zot: 25934  Temple (1/1) D:6 Zot: 5981    Lair (5/5) D:8 Zot: 25188
 Spider (0/4) Lair:2        Sewer (visited)         Ossuary (visited)
  Swamp: Lair:2-3    Shoals: Lair:2-3     Slime: Lair:4-5       Orc: D:9-12

Altars:
Ashenzari
Cheibriados
Dithmenos
Fedhas
Gozag
Kikubaaqudgha
Makhleb
Nemelex Xobeh
Okawaru
Qazlal
Ru
Sif Muna
Trog
Vehumet
Wu Jian
Xom
Yredelemnul
Jiyva

Annotations:
D:4 Duvessa
Lair:1 2 transporters
Lair:5 3 runed translucent doors, exclusion: 2 oklob plants

######........ #
#.......... #
###....#..#.
.##......#### ..
####%....## ## ... #
##.....# #. .... .#
#....## # .##.... .#
#.....## ##### .#.......
##.....###.#@####......#
##.....##.Y##.#.รท....#..
#P..............รท....#
##.#................#.#
#.................#.#
##...#..#.##....### #
....###.####..### ....#
### #..## ....# #.#โ€ #


You could see an elephant.


Message History

Confirm with . or Enter, or press ? or * to list all spells.
Aiming: Ensorcelled Hibernation (safe; 1% risk of failure)
Press: ? - help, Shift-Dir - straight line, f - elephant
Aim: an elephant (umbra, chance to affect: 25%)
The elephant resists with almost no effort.
Your shadow mimics your spell!
The elephant looks drowsy... ๐Ÿ˜จ MP[-1]
You lost 1 mp, and now have 7/23 mp.
The helpless elephant fails to defend itself.
You stick the elephant like a pincushion!!!
You kill the elephant!
Dithmenos accepts your kill.
Casting: Ensorcelled Hibernation (safe; 1% risk of failure)
Confirm with . or Enter, or press ? or * to list all spells.
Aiming: Ensorcelled Hibernation (safe; 1% risk of failure)
Press: ? - help, Shift-Dir - straight line, f - elephant
Aim: an elephant (umbra, chance to affect: 25%)
The elephant resists with almost no effort.
The elephant tramples you!
* * * LOW HITPOINT WARNING * * *
You hold your ground!
The elephant misses you.
Unknown command. ๐Ÿ˜ฑ HP[-13] MP[-2]
You take 13 damage, and now have 19/98 hp.
You lost 2 mp, and now have 5/23 mp.
Unknown command.
Casting: Ensorcelled Hibernation (safe; 1% risk of failure)
Confirm with . or Enter, or press ? or * to list all spells.
Aiming: Ensorcelled Hibernation (safe; 1% risk of failure)
Press: ? - help, Shift-Dir - straight line, f/p - elephant
Aim: an elephant (umbra, chance to affect: 25%)
The elephant resists with almost no effort.
Your shadow mimics your spell!
The elephant resists with almost no effort.
The elephant tramples you!
* * * LOW HITPOINT WARNING * * *
You hold your ground!
The elephant misses you.
Unknown command. ๐Ÿ˜ฑ HP[-7] MP[-2]
You take 7 damage, and now have 12/98 hp.
You lost 2 mp, and now have 3/23 mp.
Casting: Ensorcelled Hibernation (safe; 1% risk of failure)
Confirm with . or Enter, or press ? or * to list all spells.
Aiming: Ensorcelled Hibernation (safe; 1% risk of failure)
Press: ? - help, Shift-Dir - straight line, f/p - elephant
Aim: an elephant (umbra, chance to affect: 25%)
The elephant resists with almost no effort.
The elephant tramples you but does no damage.
You block the elephant's attack.
Unknown command. ๐Ÿ˜ฑ MP[-1]
You lost 1 mp, and now have 2/23 mp.
Casting: Ensorcelled Hibernation (safe; 1% risk of failure)
Confirm with . or Enter, or press ? or * to list all spells.
Aiming: Ensorcelled Hibernation (safe; 1% risk of failure)
Press: ? - help, Shift-Dir - straight line, f/p - elephant
Aim: an elephant (umbra, chance to affect: 25%)
The elephant resists with almost no effort.
The elephant tramples you!
* * * LOW HITPOINT WARNING * * *
You hold your ground!
The elephant trunk-slaps you but does no damage.
Unknown command. ๐Ÿ˜ฑ HP[-6] MP[-2]
You take 6 damage, and now have 6/98 hp.
You lost 2 mp, and now have 0/23 mp.
Unknown command.
You are confused.
You feel invigorated. The elephant closely misses you.
The elephant misses you. ๐Ÿ˜ฑ HP[+3] MP[+5]
You regained 3 hp, and now have 9/98 hp.
You regained 5 mp, and now have 5/23 mp.
You barely miss the elephant.
You headbutt the elephant. ๐Ÿ˜ฑ HP[+1] MP[+1] You're too confused to attack without stumbling around!
You hit the elephant but do no damage.
Your shadow hits the elephant but does no damage. ๐Ÿ˜ฑ HP[+1] MP[+1]
You bump into the rock wall.
The elephant tramples you!
* * * LOW HITPOINT WARNING * * *
You focus on the pain.
You feel agile all of a sudden.
You hold your ground!
The elephant misses you. ๐Ÿ˜ฑ HP[-10] MP[+3]
You take 10 damage, and now have 1/98 hp.
You regained 3 mp, and now have 10/23 mp.
You hit the elephant but do no damage.
You headbutt the elephant, but do no damage. ๐Ÿ˜ฑ HP[+1] MP[+2]
You regained 2 mp, and now have 12/23 mp.
Unknown command.
You puncture the elephant!
You punch the elephant, but do no damage.
The elephant barely misses you. x2 ๐Ÿ˜ฑ HP[+2] MP[+1]
You regained 2 hp, and now have 4/98 hp.
Unknown command.
You bump into the rock wall.
The elephant tramples you!
You die...

Skill      XL: |  1  2  3  4  5  6  7  8  9 10 11 12 13 |
---------------+----------------------------------------+-----
Short Blades   | 1 2 3 5 8 10 11 12 | 12.0
Dodging        | 2 3 4 6 7 |  7.0
Stealth        | 3 4 5 |  5.6
Fighting       | 1 2 3 4 6 7 |  7.9
Ice Magic      | 1 2 |  2.0
Spellcasting   | 3 4 5 6 7 |  7.0
Hexes          | 4 5 7 8 |  8.2
Invocations    | 3 5 7 8 9 |  9.3
Armour         | 2 3 5 6 |  6.0

Action                     |  1- 3 |  4- 6 |  7- 9 | 10-12 | 13-15 || total
---------------------------+-------+-------+-------+-------+-------++-------
  Melee: Dagger            |   166 |   138 |   391 |   646 |    18 ||  1359
         Punch             |     1 |       |     6 |    14 |     1 ||    22
         Headbutt          |       |       |       |       |     2 ||     2
   Cast: Ensorcelled Hiber |     9 |    29 |    73 |   199 |    34 ||   344
         Confusing Touch   |       |     1 |     8 |    19 |       ||    28
         Dazzling Flash    |       |       |       |     4 |       ||     4
  Evoke: Wand              |       |     1 |       |       |       ||     1
    Use: Scroll            |     2 |     5 |     6 |    14 |       ||    27
         Potion            |       |     3 |     1 |     7 |     1 ||    12
   Stab: Sleeping          |     7 |    22 |    47 |   110 |    13 ||   199
         Confused          |       |       |     4 |    17 |       ||    21
         Distracted        |       |       |     1 |     1 |     1 ||     3
         Invisible         |       |       |       |     5 |       ||     5
 Armour: Robe              |    84 |    97 |   157 |   168 |       ||   506
         Skin              |       |       |       |    21 |       ||    21
         Leather armour    |       |       |       |    60 |    33 ||    93
  Dodge: Dodged            |    98 |    68 |   157 |   281 |    31 ||   635
  Block: Other             |       |       |       |    62 |     9 ||    71

Levels and vault maps discovered:
D:1:      ldierk_walled_garden, layout_basic
D:2:      layout_loops_ring
D:3:      layout_loops_ring, grunt_temple_overflow_lords_of_destruction,
          mainiacjoe_overflow_paths, grunt_ministairs_4
D:4:      layout_basic, mainiacjoe_overflow_surrounded_room,
          nicolae_overflow_hidden_temple, minmay_misc_feat_four_crosses,
          minmay_misc_feat_diagonals, uniq_duvessa, uniq_blork_the_orc
D:5:      layout_gridville
D:6:      layout_cave_pools, trog_butcher_becter, temple_statues,
          nicolae_ossuary_entry_giza, portal_sewer_entry_f
D:7:      layout_basic, gammafunk_temple_overflow_claw
D:8:      layout_rooms, led_xom_imps, nicolae_qazlal_beasts_of_the_sky,
          due_lair_maze_entry_diamond, solitary_fountain, uniq_jeremiah,
          uniq_joseph, uniq_pikel
D:9:      layout_basic, nicolae_gozag_cash_rules_everything_around_me,
          minitemple, minmay_misc_feat_iff
D:10:     layout_stronghold, blue_anna_alchemist
D:11:     layout_basic
Temple:   nicolae_temple_ecumenical_triangle
Lair:1:   gammafunk_cloud_chamber, layout_misc_corridors,
          chequers_serial_rivers_large_a
Lair:2:   layout_gridlike, nicolae_swamp_entry_spooky, spider_nest_entry_webs
Lair:3:   layout_regular_city
Lair:4:   layout_concentric_octagons
Lair:5:   grunt_lair_end_beastmaster, layout_concentric_octagons,
          minmay_slime_entry_oklob_open, gammafunk_ghost_cemetery

Notes
Turn   | Place    | Note
-------+----------+-------------------------------------------
     0 | D:1      | kae the Demonspawn Enchanter began the quest for the Orb.
     0 | D:1      | Reached XP level 1. HP: 13/13 MP: 3/3
     0 | D:1      | magus.rc [v1.11.3]
   124 | D:1      | Reached skill level 1 in Short Blades
   338 | D:1      | Gained mutation: You sometimes gain a little power by
                  | taking damage. [demonic ancestry]
   338 | D:1      | Reached XP level 2. HP: 12/20 MP: 5/5
   350 | D:1      | HP: 4/20 [hobgoblin (3)]
   407 | D:1      | Learned a level 2 spell: Ensorcelled Hibernation
   525 | D:1      | Reached skill level 2 in Dodging
   790 | D:2      | HP: 4/20 [adder (3)]
   793 | D:2      | Reached XP level 3. HP: 3/25 MP: 1/6
  1268 | D:2      | Reached skill level 3 in Stealth
  1304 | D:2      | HP: 6/25 [quokka (4)]
  1581 | D:2      | Reached skill level 2 in Short Blades
  1656 | D:2      | Reached skill level 1 in Fighting
  1656 | D:2      | Gained mutation: You sometimes gain power by taking damage.
                  | [demonic ancestry]
  1656 | D:2      | Reached XP level 4. HP: 26/32 MP: 7/7
  2192 | D:3      | Found a basalt altar of Yredelemnul.
  2244 | D:3      | Learned a level 3 spell: Confusing Touch
  2588 | D:3      | Found a burning altar of Makhleb.
  2589 | D:3      | Found a radiant altar of Vehumet.
  2593 | D:3      | Reached skill level 1 in Ice Magic
  2593 | D:3      | Gained mutation: You are partially covered in molten
                  | scales. (AC +2) [demonic ancestry]
  2593 | D:3      | Reached XP level 5. HP: 37/37 MP: 5/8
  2714 | D:3      | You add the spells Blink and Manifold Assault to your
                  | library.
  3076 | D:4      | Noticed Duvessa
  3077 | D:4      | Noticed Dowan
  3211 | D:3      | HP: 8/37 [something (6)]
  3212 | D:3      | HP: 2/37 [something/magic dart (6)]
  3451 | D:4      | Learned a level 3 spell: Tukima's Dance
  3666 | D:4      | Found an iron altar of Okawaru.
  3869 | D:4      | Reached XP level 6. HP: 44/44 MP: 1/10
  4095 | D:4      | Killed Dowan
  4096 | D:4      | Reached skill level 3 in Short Blades
  4179 | D:5      | Entered Level 5 of the Dungeon
  4197 | D:5      | Reached skill level 2 in Fighting
  4329 | D:5      | Reached skill level 3 in Spellcasting
  4401 | D:5      | Reached XP level 7. HP: 50/50 MP: 7/11
  4432 | D:5      | You pick up a book of Callings and begin reading...
  4432 | D:5      | You add the spells Summon Small Mammal, Call Canine
                  | Familiar and Summon Guardian Golem to your library.
  4513 | D:5      | Reached skill level 3 in Dodging
  4576 | D:5      | Noticed a two-headed ogre
  4868 | D:6      | Reached skill level 2 in Ice Magic
  4894 | D:6      | Found a sand-covered staircase.
  4905 | Ossuary  | Entered an ossuary
  4905 | Ossuary  | Found the +6 arbalest "Damnation" {damnation}
  4953 | Ossuary  | Reached skill level 4 in Short Blades
  5295 | D:6      | Found a bloodstained altar of Trog.
  5300 | D:6      | Reached skill level 5 in Short Blades
  5323 | D:6      | Reached XP level 8. HP: 50/57 MP: 4/12
  5325 | D:6      | Found a staircase to the Ecumenical Temple.
  5334 | Temple   | Entered the Ecumenical Temple
  5345 | Temple   | Became a worshipper of Dithmenos the Shadowed
  5388 | D:6      | Reached skill level 6 in Short Blades
  5404 | D:6      | Found a glowing drain.
  5448 | Sewer    | Entered a sewer
  5657 | D:6      | Learned a level 3 spell: Dazzling Flash
  5923 | D:6      | Reached skill level 7 in Short Blades
  6117 | D:6      | Reached * piety under Dithmenos
  6222 | D:7      | Reached skill level 8 in Short Blades
  6491 | D:7      | Found a sacrificial altar of Ru.
  6491 | D:7      | Found an ornate altar of the Wu Jian Council.
  6491 | D:7      | Found a snail-covered altar of Cheibriados.
  6724 | D:7      | Gained mutation: You are powered by pain. [demonic
                  | ancestry]
  6724 | D:7      | Reached XP level 9. HP: 44/62 MP: 2/13
  6828 | D:7      | HP: 13/62 [gnoll/+0 halberd[a gnoll bouda] (12)]
  7048 | D:7      | Reached skill level 9 in Short Blades
  7490 | D:8      | Reached skill level 10 in Short Blades
  7490 | D:8      | Reached skill level 4 in Hexes
  7533 | D:8      | Found a staircase to the Lair.
  7553 | D:8      | Reached skill level 1 in Invocations
  7558 | D:7      | Reached skill level 1 in Armour
  7726 | D:8      | Noticed Pikel
  7737 | D:8      | HP: 12/62 [Pikel/+1 whip of electrocution (20)]
  7739 | D:8      | Killed Pikel
  7740 | D:8      | Reached skill level 3 in Fighting
  7740 | D:8      | Reached skill level 2 in Invocations
  7944 | D:8      | Noticed a two-headed ogre
  7948 | D:8      | Noticed Joseph
  7951 | D:8      | Killed a two-headed ogre
  7952 | D:8      | Reached skill level 2 in Armour
  7952 | D:8      | Reached skill level 4 in Spellcasting
  7952 | D:8      | Reached skill level 3 in Invocations
  7952 | D:8      | Gained mutation: You are mostly covered in molten scales.
                  | (AC +3) [demonic ancestry]
  7952 | D:8      | Reached XP level 10. HP: 37/70 MP: 8/16
  7952 | D:8      | HP: 17/70 [Joseph/sling bullet (21)]
  7955 | D:8      | Killed Joseph
  7956 | D:8      | Reached skill level 4 in Dodging
  8037 | D:8      | Noticed Jeremiah
  8292 | D:8      | Reached skill level 5 in Hexes
  8450 | D:8      | Found a stormy altar of Qazlal.
  8490 | D:8      | You pick up a book of Weapons and begin reading...
  8490 | D:8      | You add the spells Dimensional Bullseye and Iskenderun's
                  | Mystic Blast to your library.
  8676 | D:8      | Killed Jeremiah
  8677 | D:8      | Reached skill level 4 in Fighting
  8837 | D:8      | Found a shimmering altar of Xom.
  8916 | D:8      | Reached skill level 4 in Invocations
  9224 | D:9      | Found a sparkling altar of Nemelex Xobeh.
  9249 | D:9      | Reached ** piety under Dithmenos
  9395 | D:9      | Reached skill level 3 in Armour
  9536 | D:9      | HP: 16/68 [wight/+0 heavy flail (6)]
  9550 | D:9      | HP: 12/69 [howler monkey (4)]
 10220 | D:9      | Reached skill level 5 in Invocations
 10355 | D:9      | Found an opulent altar of Gozag.
 10543 | D:10     | Entered Level 10 of the Dungeon
 10848 | D:10     | Reached skill level 5 in Spellcasting
 10858 | D:10     | Reached XP level 11. HP: 72/78 MP: 5/18
 11012 | D:10     | Reached skill level 5 in Fighting
 11034 | D:10     | Reached skill level 5 in Dodging
 11037 | D:10     | Reached *** piety under Dithmenos
 11130 | D:10     | Reached skill level 6 in Hexes
 11349 | D:10     | HP: 17/80 [vampire mosquito (10)]
 11712 | D:10     | Reached skill level 4 in Armour
 11985 | D:11     | You pick up a book of Alchemy and begin reading...
 11985 | D:11     | You add the spells Sublimation of Blood, Petrify and
                  | Irradiate to your library.
 12102 | D:11     | Reached skill level 6 in Invocations
 12295 | D:11     | Reached skill level 11 in Short Blades
 13017 | Lair:1   | Entered Level 1 of the Lair of Beasts
 13139 | Lair:1   | Identified the +0 leather armour of Pulitt {Str+2 Int+3}
 13154 | Lair:1   | Gained mutation: You are agile. (Dex +4, Str/Int -1)
                  | [potion of mutation]
 13208 | Lair:1   | Reached skill level 6 in Fighting
 13234 | Lair:1   | Reached skill level 6 in Spellcasting
 13234 | Lair:1   | Reached skill level 7 in Invocations
 13631 | Lair:1   | Found a transporter.
 13635 | Lair:1   | Noticed a fire crab
 13841 | Lair:1   | Found a transporter.
 14081 | Lair:2   | Reached skill level 5 in Armour
 14081 | Lair:2   | Reached skill level 6 in Dodging
 14097 | Lair:2   | Reached skill level 7 in Hexes
 14097 | Lair:2   | Gained mutation: You regenerate magic rapidly. [demonic
                  | ancestry]
 14097 | Lair:2   | Reached XP level 12. HP: 60/89 MP: 0/21
 14392 | Lair:2   | Found a hole to the Spider Nest.
 14416 | Lair:2   | Reached **** piety under Dithmenos
 14687 | Lair:2   | HP: 17/75 [spectral four-headed hydra (3)]
 15263 | Lair:3   | You pick up a book of Blasting and begin reading...
 15263 | Lair:3   | You add the spells Volatile Blastmotes and Fulminant Prism
                  | to your library.
 15550 | Lair:3   | Reached skill level 8 in Invocations
 15964 | Lair:4   | Reached skill level 7 in Fighting
 16368 | Lair:4   | HP: 15/91 [yak (11)]
 16371 | Lair:4   | HP: 6/91 [yak (10)]
 16994 | Lair:5   | Entered Level 5 of the Lair of Beasts
 17005 | Lair:5   | Noticed a five-headed hydra
 17021 | Lair:5   | Killed a five-headed hydra
 17271 | Lair:5   | Found a viscous altar of Jiyva.
 17281 | Lair:5   | Reached skill level 6 in Armour
 17281 | Lair:5   | Reached skill level 4 in Stealth
 17308 | Lair:5   | Reached skill level 7 in Spellcasting
 17521 | Lair:5   | Reached skill level 8 in Hexes
 17525 | Lair:5   | Reached skill level 7 in Dodging
 17591 | Lair:5   | Gained mutation: You have a pair of small horns on your
                  | head. [demonic ancestry]
 17591 | Lair:5   | Reached XP level 13. HP: 72/97 MP: 18/23
 17593 | Lair:5   | Reached skill level 9 in Invocations
 17703 | Lair:5   | Found a runed translucent gate.
 17704 | Lair:5   | Found a runed translucent gate.
 17705 | Lair:5   | Found a runed translucent gate.
 17743 | Lair:5   | Reached skill level 5 in Stealth
 17748 | Lair:5   | HP: 16/98 [blink frog (10)]
 17998 | Lair:5   | Reached skill level 12 in Short Blades
 18002 | Lair:5   | HP: 19/98 [elephant (14)]
 18005 | Lair:5   | HP: 6/98 [elephant (7)]
 18009 | Lair:5   | HP: 1/98 [elephant (14)]
 18012 | Lair:5   | Slain by an elephant

Vanquished Creatures
  A hydra (Lair:5)
  A two-headed ogre (D:8)
  Pikel (D:8)
  Joseph (D:8)
  8 elephants (Lair:5)
  5 black mambas
  Jeremiah (D:8)
  A torpor snail (Lair:1)
  12 cane toads
  2 kobold demonologists
  2 rime drakes
  7 komodo dragons
  A polar bear (Lair:1)
  2 trolls (D:11)
  A hornet (D:8)
  21 blink frogs
  4 wyverns
  31 yaks
  3 wraiths
  A basilisk (Lair:2)
  A steam dragon (D:9)
  2 vampire mosquitoes (D:10)
  2 redbacks (Lair:2)
  2 acid dragons (D:11)
  12 water moccasins
  6 orc warriors
  2 black bears (D:7)
  A sky beast (D:8)
  2 centaurs (D:7)
  A kobold brigand (D:10)
  14 bullfrogs
  5 scorpions
  A gnoll sergeant (D:11)
  2 water moccasin zombies (Ossuary)
  8 wights
  Dowan (D:4)
  8 howler monkeys
  5 crimson imps
  5 orc priests
  5 hounds
  5 jellies
  2 gnoll boudas
  4 iguanas
  2 sleepcaps
  6 orc wizards
  A hell rat (Sewer)
  3 mummies
  9 gnolls
  5 adders
  2 river rats (Sewer)
  2 white imps
  8 adder zombies (Ossuary)
  3 worms (D:2)
  2 dart slugs (D:2)
  28 orcs
  7 ball pythons
  5 endoplasms
  3 giant cockroaches (D:6)
  3 gnoll zombies (Ossuary)
  8 goblins
  8 hobgoblins
  3 jackals (D:2)
  7 quokkas
  6 bats
  3 frilled lizards (D:3)
  2 goblin zombies (D:6)
  3 hobgoblin zombies (Ossuary)
  5 kobolds
  6 kobold zombies (Ossuary)
  2 orc zombies (Ossuary)
  9 rats
353 creatures vanquished.

Vanquished Creatures (others)
  An orc wizard (D:7)
1 creature vanquished.

Grand Total: 354 creatures vanquished

Table legend:
 A = Non-vault XP
 B = Vault XP
 C = Vault XP percentage of total XP
 D = Non-vault monster count
 E = Vault monster count
 F = Vault count percentage of total count
                 A         B        C        D         E       F
            +---------+---------+-------+---------+---------+-------
      Total |   38228 |    4404 |  10.3 |     286 |      68 |  19.2
            +---------+---------+-------+---------+---------+-------
        D:1 |      29 |       0 |   0.0 |      17 |       0 |   0.0
        D:2 |      80 |       0 |   0.0 |      26 |       0 |   0.0
        D:3 |      79 |      86 |  52.1 |      15 |       3 |  16.7
        D:4 |     138 |      67 |  32.7 |      13 |       1 |   7.1
        D:5 |     348 |       0 |   0.0 |       9 |       0 |   0.0
        D:6 |     471 |     368 |  43.9 |      13 |      13 |  50.0
        D:7 |    1003 |     536 |  34.8 |      21 |       4 |  16.0
        D:8 |    1693 |    2553 |  60.1 |      15 |      13 |  46.4
        D:9 |    2039 |       0 |   0.0 |      26 |       0 |   0.0
       D:10 |    3959 |     104 |   2.6 |      28 |       1 |   3.4
       D:11 |    2228 |       0 |   0.0 |      13 |       0 |   0.0
     Lair:1 |    4978 |       0 |   0.0 |      20 |       0 |   0.0
     Lair:2 |    2954 |     369 |  11.1 |      11 |       2 |  15.4
     Lair:3 |    4039 |       0 |   0.0 |      14 |       0 |   0.0
     Lair:4 |    3229 |       0 |   0.0 |      15 |       0 |   0.0
     Lair:5 |   10961 |       0 |   0.0 |      30 |       0 |   0.0
      Sewer |       0 |      62 | 100.0 |       0 |       5 | 100.0
    Ossuary |       0 |     259 | 100.0 |       0 |      26 | 100.0
            +---------+---------+-------+---------+---------+-------

Skill      XL: |  1  2  3  4  5  6  7  8  9 10 11 12 13 |
---------------+----------------------------------------+-----
Short Blades   | 1 2 3 5 8 10 11 12 | 12.0
Dodging        | 2 3 4 6 7 |  7.0
Stealth        | 3 4 5 |  5.6
Fighting       | 1 2 3 4 6 7 |  7.9
Ice Magic      | 1 2 |  2.0
Spellcasting   | 3 4 5 6 7 |  7.0
Hexes          | 4 5 7 8 |  8.2
Invocations    | 3 5 7 8 9 |  9.3
Armour         | 2 3 5 6 |  6.0

Action                     |  1- 3 |  4- 6 |  7- 9 | 10-12 | 13-15 || total
---------------------------+-------+-------+-------+-------+-------++-------
  Melee: Dagger            |   166 |   138 |   391 |   646 |    18 ||  1359
         Punch             |     1 |       |     6 |    14 |     1 ||    22
         Headbutt          |       |       |       |       |     2 ||     2
   Cast: Ensorcelled Hiber |     9 |    29 |    73 |   199 |    34 ||   344
         Confusing Touch   |       |     1 |     8 |    19 |       ||    28
         Dazzling Flash    |       |       |       |     4 |       ||     4
  Evoke: Wand              |       |     1 |       |       |       ||     1
    Use: Scroll            |     2 |     5 |     6 |    14 |       ||    27
         Potion            |       |     3 |     1 |     7 |     1 ||    12
   Stab: Sleeping          |     7 |    22 |    47 |   110 |    13 ||   199
         Confused          |       |       |     4 |    17 |       ||    21
         Distracted        |       |       |     1 |     1 |     1 ||     3
         Invisible         |       |       |       |     5 |       ||     5
 Armour: Robe              |    84 |    97 |   157 |   168 |       ||   506
         Skin              |       |       |       |    21 |       ||    21
         Leather armour    |       |       |       |    60 |    33 ||    93
  Dodge: Dodged            |    98 |    68 |   157 |   281 |    31 ||   635
  Block: Other             |       |       |       |    62 |     9 ||    71

Illustrated notes

Table legend:
 A = Kills in this place as a percentage of kills in the entire game.
 B = Kills by you in this place as a percentage of kills by you in the entire game.
 C = Kills by friends in this place as a percentage of kills by friends in the entire game.
 D = Other kills in this place as a percentage of other kills in the entire game.
 E = Experience gained in this place as a percentage of experience gained in the entire game.
 F = Experience gained in this place divided by the number of levels of this place that you have seen.
                   A       B       C       D       E      F
               +-------+-------+-------+-------+-------+----------------------
         Total | 100.0 | 100.0 |   N/A | 100.0 | 100.0 | 2243.8
       Dungeon |  65.3 |  65.2 |   N/A | 100.0 |  37.0 | 1434.6
          Lair |  26.0 |  26.1 |   N/A |   0.0 |  62.2 | 5306.0
         Sewer |   1.4 |   1.4 |   N/A |   0.0 |   0.1 |  62.0
       Ossuary |   7.3 |   7.4 |   N/A |   0.0 |   0.6 | 259.0
               +-------+-------+-------+-------+-------+----------------------

Table legend: (Time is in decaauts)
 A = Elapsed time spent in this place.
 B = Non-inter-level travel time spent in this place.
 C = Inter-level travel time spent in this place.
 D = Time resting spent in this place.
 E = Time spent auto-exploring this place.
 F = Levels seen in this place.
 G = Mean time per level.
                   A        B        C        D        E       F      G
               +--------+--------+--------+--------+--------+-----+--------+
         Total |  17363 |  16635 |    728 |   2146 |  11406 |  19 |  913.8 |
       Dungeon |  12065 |  11448 |    617 |   1755 |   7534 |  11 | 1096.8 |
        Temple |     18 |     12 |      6 |      0 |      0 |   1 |   18.0 |
          Lair |   4810 |   4706 |    104 |    236 |   3809 |   5 |  962.0 |
         Sewer |    201 |    201 |      0 |    100 |     61 |   1 |  201.0 |
       Ossuary |    267 |    267 |      0 |     54 |      0 |   1 |  267.0 |
               +--------+--------+--------+--------+--------+-----+--------+

Top non-repeatable levels by time:
     D:8: 1851 daAuts
    D:10: 1337 daAuts
     D:3: 1225 daAuts
     D:7: 1164 daAuts
  Lair:3: 1151 daAuts
     D:4: 1142 daAuts
     D:2: 1097 daAuts
  Lair:4: 1081 daAuts
    D:11: 1034 daAuts
     D:9: 1015 daAuts
  Lair:5: 989 daAuts
  Lair:1: 931 daAuts
     D:6: 891 daAuts
     D:1: 842 daAuts
  Lair:2: 656 daAuts
